 Dungeon Crawl Stone Soup version 0.29-a0-43-g62a80824bf (webtiles) character file.

Game seed: 2849722324050703194

707 soggyman666 the Chopper (level 7, -2/61 HPs)
             Began as a Minotaur Fighter on Feb 2, 2022.
             Splashed by a jelly's acid (10 damage)
             ... on level 4 of the Dungeon.
             The game lasted 00:05:45 (3976 turns).

soggyman666 the Chopper (Minotaur Fighter)          Turns: 3976, Time: 00:05:46

Health: -2/61      AC: -12   Str: 22    XL:     7   Next: 40%
Magic:  6/6        EV: 10    Int:  5    God:
Gold:   96         SH:  4    Dex: 10    Spells: 6/6 levels left

rFire   . . .      SeeInvis .   a - +0 war axe
rCold   . . .      Faith    .   c - +0 buckler
rNeg    . . .      Spirit   .   b - +0 scale mail
rPois   .          Reflect  .   (helmet restricted)
rElec   .          Harm     .   (no cloak)
rCorr   .          Rampage  .   (no gloves)
Will    .....                   (no boots)
Stlth   ..........              (no amulet)
HPRegen 0.20/turn               (no ring)
MPRegen 0.10/turn               (no ring)

@: corroded
A: horns 2, retaliatory headbutt
a: no special abilities


You were on level 4 of the Dungeon.
You visited 1 branch of the dungeon, and saw 4 of its levels.

You collected 96 gold pieces.

Inventory:

Hand Weapons
 a - a +0 war axe (weapon)
 f - a +0 club
Armour
 b - a +0 scale mail (worn)
 c - a +0 buckler (worn)
Jewellery
 m - a ring of ice
Wands
 q - a wand of flame (14)
 r - a wand of iceblast (2)
Scrolls
 e - a scroll of blinking {unknown}
 h - a scroll of amnesia
 j - 2 scrolls of fog
 l - a scroll of fear {unknown}
 n - a scroll of immolation {unknown}
 o - a scroll of vulnerability {unknown}
 p - a scroll of noise {unknown}
Potions
 d - a potion of might
 g - a potion of flight
 k - a potion of degeneration {unknown}
 s - a potion of heal wounds {unknown}


   Skills:
 + Level 5.2 Fighting
 + Level 6.4 Axes
 + Level 5.8 Armour
 + Level 1.8 Dodging
 + Level 1.7 Stealth
 + Level 4.7 Shields
 * Level 1.0 Evocations


You had 6 spell levels left.
You didn't know any spells.
Your spell library contained the following spells:

 Spells                   Type           Power      Damage    Failure   Level
 Summon Guardian Golem    Hex/Summ       0%         N/A       99%         3
 Orb of Destruction       Conj           0%         9d5       100%        7
 Spellforged Servitor     Conj/Summ      0%         N/A       100%        7


Dungeon Overview and Level Annotations

Branches:
Dungeon (4/15)
 Temple: D:4-7

Altars:
Sif Muna


Innate Abilities, Weirdness & Mutations

You have a pair of horns on your head.
You reflexively headbutt those who attack you in melee.


Message History

The jelly is severely wounded.
The jelly hits you.
You are splashed with acid!
The jelly hits you. The acid corrodes you!
You are splashed with acid!
You are too injured to fight recklessly!
You are too injured to fight recklessly!
You are too injured to fight recklessly!
You are too injured to fight recklessly!
You are too injured to fight recklessly!
You are too injured to fight recklessly!
You are too injured to fight recklessly!
You hit the jelly but do no damage. The acid corrodes you!
Your hands burn!
The jelly is severely wounded.
The jelly hits you.
You are splashed with acid.
You hit the jelly. The acid corrodes you!
Your hands burn!
* * * LOW HITPOINT WARNING * * *
You headbutt the jelly, but do no damage.
The jelly is almost dead.
The jelly hits you.
* * * LOW HITPOINT WARNING * * *
The acid corrodes you!
You are splashed with acid!
* * * LOW HITPOINT WARNING * * *
Okay, then.
It was a potion of curing.
You feel better. You block the jelly's attack.
You hit the jelly but do no damage. The acid corrodes you!
Your hands burn!
* * * LOW HITPOINT WARNING * * *
You headbutt the jelly, but do no damage.
The jelly is almost dead.
You block the jelly's attack.
You hit the jelly but do no damage. The acid corrodes you!
Your hands burn!
* * * LOW HITPOINT WARNING * * *
The jelly is almost dead.
The jelly misses you.
You hit the jelly but do no damage.
Your hands burn!
* * * LOW HITPOINT WARNING * * *
The jelly is almost dead.
You block the jelly's attack.
You feel better. The jelly hits you.
* * * LOW HITPOINT WARNING * * *
You are splashed with acid!
You die...

#.....# ## #...### .#
#..# .# .##
############.###### ###
.#....#....#.#....#...#.
..#..#...........".#....
........(..#.#..@J(...#
......................#
.....#.##..>..##.###.##
...............(... ..
####.#######.####### .
.# #.# #.#
.###.#######.#
.............
.###...###..


You could see a jelly.

Vanquished Creatures
  Grinder (D:3)
  Sigmund (D:2)
  A wyvern skeleton (D:3)
  Jessica (D:3)
  Natasha (thrice) (D:2)
  Terence (D:3)
  Robin (D:2)
  A gnoll (D:1)
  6 adders
  An adder skeleton (D:4)
  3 worms (D:2)
  2 dart slugs
  5 orcs
  4 bats
  3 endoplasms
  12 giant cockroaches
  16 goblins
  13 hobgoblins
  3 jackals (D:1)
  7 kobolds
  3 quokkas
  3 ball pythons
  2 frilled lizards
  2 rats (D:1)
95 creatures vanquished.

Notes
Turn   | Place    | Note
-------+----------+-------------------------------------------
     0 | D:1      | soggyman666 the Minotaur Fighter began the quest for the
                  | Orb.
     0 | D:1      | Reached XP level 1. HP: 19/19 MP: 0/0
   164 | D:1      | Reached XP level 2. HP: 24/27 MP: 1/1
   530 | D:1      | Reached XP level 3. HP: 24/33 MP: 2/2
   652 | D:1      | Found a faded altar of an unknown god.
  1334 | D:2      | Reached skill level 1 in Stealth
  1359 | D:2      | Noticed Natasha
  1363 | D:2      | Killed Natasha
  1364 | D:2      | Reached skill level 3 in Axes
  1364 | D:2      | Reached XP level 4. HP: 36/40 MP: 3/3
  1431 | D:2      | Noticed Robin
  1442 | D:2      | Killed Robin
  1739 | D:2      | Noticed Natasha
  1748 | D:2      | Killed Natasha
  1749 | D:2      | Reached XP level 5. HP: 28/46 MP: 4/4
  2118 | D:2      | Noticed Natasha
  2124 | D:2      | Killed Natasha
  2244 | D:2      | Reached skill level 4 in Axes
  2409 | D:2      | Noticed Sigmund
  2418 | D:2      | Killed Sigmund
  2419 | D:2      | Reached skill level 5 in Axes
  2419 | D:2      | Reached skill level 5 in Armour
  2419 | D:2      | Reached skill level 1 in Dodging
  2419 | D:2      | Reached XP level 6. HP: 10/53 MP: 5/5
  2842 | D:3      | Noticed Grinder
  2864 | D:3      | Killed Grinder
  2865 | D:3      | Reached skill level 5 in Fighting
  2865 | D:3      | Reached skill level 6 in Axes
  2865 | D:3      | Reached XP level 7. HP: 27/61 MP: 6/6
  3287 | D:3      | You fall into a shaft and drop 1 floor!
  3742 | D:3      | Noticed Jessica
  3745 | D:3      | Killed Jessica
  3745 | D:3      | Noticed Terence
  3753 | D:3      | Killed Terence
  3815 | D:3      | Found a shimmering blue altar of Sif Muna.
  3937 | D:4      | Reached skill level 1 in Evocations
  3975 | D:4      | HP: 3/61 [acid (3)]
  3976 | D:4      | Splashed by a jelly's acid

Illustrated notes

Levels and vault maps discovered:
D:1:      amcnicky_arrival_abandoned_market, layout_basic,
          hellmonk_ecumenical_altar_prayer_group
D:2:      minmay_roachtagon, layout_basic, uniq_robin, uniq_sigmund,
          uniq_natasha
D:3:      layout_basic, tgw_sif, uniq_grinder, uniq_terence
D:4:      wad_river_or_something, layout_rooms, mainiacjoe_overflow_paths,
          kennysheep_mini_moat, serial_glass, glass_columns_b, glass_columns_a,
          glass_columns_b, glass_columns_a, glass_columns_b, glass_columns_a,
          glass_columns_a, glass_columns_a, glass_columns_c, glass_columns_b,
          minivault_25

Skill      XL: |  1  2  3  4  5  6  7 |
---------------+----------------------+-----
Armour         | 4 5 |  5.8
Fighting       | 4 5 |  5.2
Shields        | 4 |  4.7
Stealth        | 1 |  1.7
Axes           | 3 5 6 |  6.4
Dodging        | 1 |  1.8
Evocations     | 1 |  1.0

Action                   |  1- 3 |  4- 6 |  7- 9 || total
-------------------------+-------+-------+-------++-------
Melee: War axe           |    50 |    77 |    58 ||   185
       Headbutt          |    10 |     8 |    12 ||    30
Evoke: Wand              |       |       |     2 ||     2
  Use: Scroll            |     2 |     1 |       ||     3
       Potion            |       |     2 |     2 ||     4
Armor: Scale mail        |    21 |    48 |    18 ||    87
Dodge: Dodged            |    24 |    49 |    24 ||    97
Block: Buckler           |    16 |    18 |    18 ||    52

Table legend: (Time is in decaauts)
 A = Elapsed time spent in this place.
 B = Non-inter-level travel time spent in this place.
 C = Inter-level travel time spent in this place.
 D = Time resting spent in this place.
 E = Time spent auto-exploring this place.
 F = Levels seen in this place.
 G = Mean time per level.
                   A        B        C        D        E       F      G
               +--------+--------+--------+--------+--------+-----+--------+
         Total |   4037 |   3841 |    196 |    401 |   2891 |   4 | 1009.2 |
       Dungeon |   4037 |   3841 |    196 |    401 |   2891 |   4 | 1009.2 |
               +--------+--------+--------+--------+--------+-----+--------+

Top non-repeatable levels by time:
     D:2: 1612 daAuts
     D:1: 1266 daAuts
     D:3: 1043 daAuts
     D:4: 115 daAuts
